Map: Traitor's Exile

Players

StarWolter

  • Race: Terran Terran
  • Spawn Location: 12:00

miken

  • Race: Terran Terran
  • Spawn Location: 9:00

Mab - Winner!

  • Race: Zerg Zerg
  • Spawn Location: 5:00

Spacekiller - Winner!

  • Race: Protoss Protoss
  • Spawn Location: 6:00

VOD

Have the link to the VOD?

Description

Time

  • Played on: June 3, 2018, 3:19 p.m.
  • Length: 11:15
Show
View Real Time Build Order
Export as new Build Order

StarWolter Terran 

Build Orders:  

Get SALT Encoding   

  12  0:20  Supply Depot  
  12  0:45  Barracks  
  12  0:58  Barracks  
  12  1:20  Barracks  
  12  1:24  SCV  
  13  1:35  Marine  
  14  1:53  Marine  
  15  1:56  Supply Depot  
  15  2:06  Marine  
  16  2:10  Marine  
  16  2:12  Marine  
  18  2:23  Marine  
  18  2:28  Marine  
  20  2:30  Marine  
  21  2:37  Supply Depot  
  21  2:52  Marine x2  
  8  8:24  Marine  
  8  8:25  Marine x2  
  7  9:22  SCV  
  8  9:34  SCV  
  9  9:46  SCV  
  10  9:58  SCV  
  11  10:10  SCV  
  12  10:20  Refinery  
  12  10:23  SCV  
Show
View Real Time Build Order
Export as new Build Order

miken Terran 

Build Orders:  

Get SALT Encoding   

  12  0:04  SCV  
  13  0:16  Supply Depot  
  13  0:45  Barracks  
  13  0:52  Barracks  
  13  1:09  Barracks  
  13  1:36  Marine  
  14  1:43  Marine  
  15  1:54  Marine  
  15  1:56  Marine  
  15  2:01  Marine  
  18  2:12  Marine  
  18  2:14  Marine  
  20  2:18  Marine  
  20  2:19  Supply Depot  
  21  2:30  Marine  
  21  2:32  Marine  
  23  2:41  Marine  
  24  2:48  Marine  
  25  2:58  Marine  
  24  3:24  Marine  
  24  3:26  Marine  
  23  3:29  Marine  
  20  3:41  Marine  
  20  3:44  Marine  
  11  7:39  Marine  
  8  7:51  Marine  
Show
View Real Time Build Order
Export as new Build Order

Mab Zerg - Winner!

Build Orders: Pool First 

Get SALT Encoding   

  12  0:01  Drone  
  13  0:10  Drone  
  14  0:17  Extractor  
  14  0:18  Drone  
  14  0:25  Overlord  
  14  0:43  Spawning Pool  
  13  0:53  Drone x2  
  15  0:57  Drone  
  16  1:08  Drone  
  17  1:26  Drone x2  
  17  1:30  Metabolic Boost  
  19  1:43  Queen  
  21  1:47  Overlord  
  21  1:58  Zergling x2  
  22  2:10  Zergling x2  
  22  2:12  Hatchery  
  22  2:20  Zergling x2  
  23  2:44  Zergling x4  
  25  2:55  Zergling x8  
  29  3:05  Baneling Nest  
  28  3:06  Zergling x2  
  29  3:19  Zergling x2  
  30  3:25  Drone, Queen  
  33  3:28  Overlord  
  32  3:36  Zergling x2  
  24  3:45  Spine Crawler  
  24  3:46  Spine Crawler  
  22  3:49  Baneling x2  
  22  3:51  Zergling x6  
  7  4:19  Drone x3  
  6  4:33  Drone  
  7  4:49  Hatchery  
  6  5:05  Drone x2  
  6  5:06  Drone  
  9  5:25  Drone  
  10  5:37  Drone  
  11  5:43  Zergling x4  
  13  5:50  Drone  
  14  6:07  Hatchery  
  14  6:09  Drone  
  14  6:21  Drone x2  
  16  6:29  Drone  
  17  6:35  Drone  
  17  6:37  Drone  
  19  6:45  Drone  
  20  6:50  Drone  
  20  6:51  Drone  
  22  6:56  Drone  
  23  7:01  Zergling x4  
  23  7:05  Drone  
  26  7:17  Overlord  
  26  7:18  Drone  
  27  7:29  Drone x2  
  30  7:30  Drone x2  
  30  7:31  Drone  
  30  7:32  Drone  
  30  7:36  Drone  
  30  7:37  Drone  
  31  7:47  Spine Crawler  
  31  7:49  Zergling x2  
  31  7:50  Spine Crawler  
  31  7:51  Drone  
  29  7:59  Zergling x4  
  29  8:00  Zergling x2  
  31  8:11  Zergling x2  
  28  8:13  Zergling x4  
  28  8:14  Zergling x2  
  28  8:30  Spine Crawler, Drone, Queen  
  30  8:36  Drone  
  30  8:37  Drone x2  
  30  8:40  Baneling Nest  
  32  8:41  Queen  
  32  8:44  Queen  
  32  8:45  Drone x4  
  32  8:47  Drone  
  41  8:49  Drone  
  42  8:59  Overlord  
  42  9:11  Lair  
  42  9:14  Overlord  
  42  9:15  Drone, Extractor  
  42  9:18  Drone x2  
  42  9:19  Zergling x2  
  45  9:36  Drone x2  
  45  9:37  Drone  
  48  9:39  Drone  
  48  9:40  Drone  
  50  9:47  Zergling x4  
  53  9:52  Zergling x2  
  53  9:59  Zergling x2  
  54  10:02  Drone  
  54  10:03  Drone x2  
  57  10:10  Zergling x2  
  57  10:13  Overlord  
  58  10:20  Overlord x4  
  58  10:59  Drone, Spire  
  58  11:00  Drone  
Show
View Real Time Build Order
Export as new Build Order

Spacekiller Protoss - Winner!

Build Orders: Cannon Rush 

Get SALT Encoding   

  12  0:01  Probe  
  13  0:13  Probe  
  14  0:18  Pylon  
  14  0:37  Forge  
  14  0:38  Probe  
  15  0:51  Pylon  
  15  1:01  Probe  
  16  1:13  Probe, Photon Cannon  
  17  1:20  Photon Cannon  
  17  1:41  Photon Cannon  
  17  1:43  Pylon  
  17  1:49  Photon Cannon  
  17  1:59  Pylon  
  17  2:05  Photon Cannon  
  17  2:18  Photon Cannon  
  17  2:30  Pylon  
  17  2:36  Photon Cannon  
  17  2:45  Pylon  
  17  2:52  Photon Cannon  
  17  3:02  Photon Cannon  
  17  3:15  Photon Cannon  
  17  3:20  Pylon  
  17  3:36  Pylon  
  17  3:41  Photon Cannon  
  17  3:59  Photon Cannon  
  17  4:08  Photon Cannon  
  17  4:12  Pylon  
  17  4:20  Probe  
  18  4:31  Photon Cannon  
  17  5:34  Nexus  
  17  5:43  Gateway  
  17  6:12  Pylon  
  16  6:34  Zealot  
  18  6:50  Probe  
  19  6:59  Gateway  
  19  7:02  Probe, Cybernetics Core  
  20  7:14  Probe  
  21  7:26  Probe  
  22  7:33  Zealot  
  24  7:37  Probe  
  24  7:43  Assimilator  
  25  7:46  Probe  
  26  7:51  Zealot  
  26  7:54  Probe  
  26  7:56  Assimilator  
  29  8:04  Probe  
  30  8:16  Probe  
  31  8:21  Warp Gate  
  31  8:23  Zealot x2  
  35  8:41  Gateway  
  35  8:51  Assimilator  
  35  9:06  Assimilator  
  35  9:48  Zealot  
  35  9:49  Zealot x2  
  41  10:29  Stalker  
  41  10:30  Stalker x2  
Tags
 
Add a new tag
Caveats
  • Supply blocks, unpowered buildings, or Contaminate may cause inaccurate times.
  • Supply counts are checked every 10 seconds.